 Dungeon Crawl Stone Soup version 0.32-a0-391-gce5c0aab1b (webtiles) character file.

Game seed: 8947653111709175361

1418 seren the Sneak (level 8, -11/61 HPs)
             Began as a Coglin Brigand on Feb 19, 2024.
             Was an Initiate of Nemelex Xobeh.
             Mangled by an orc warrior
             ... wielding a +0 war axe
              (12 damage)
             ... on level 6 of the Dungeon.
             The game lasted 00:14:32 (5012 turns).

seren the Sneak (Coglin Brigand)                    Turns: 5012, Time: 00:14:33

Health: -11/61     AC:  9    Str: 13    XL:     8   Next: 71%
Magic:  0/8        EV: 10    Int: 10    God:    Nemelex Xobeh [......]
Gold:   302        SH:  0    Dex: 17    Spells: 7/7 levels left

rFire   . . .        a - +2 dagger {Soledad}
rCold   . . .        i - +4 short sword {Kagemori}
rNeg    + . .        n - +0 scale mail
rPois   +            (no helmet)
rElec   .            c - +0 cloak
rCorr   .            F - +0 pair of gloves
SInv    .            u - +0 pair of boots
Will    .....        m - amulet of guardian spirit
Stlth   ++           A - ring of poison resistance
HPRegen 0.30/turn    o - ring of positive energy
MPRegen 0.11/turn

%: guardian spirit
@: lethally poisoned (-11 -> -11), revved, stiff-legged, very slow
A: off-hand wielding, slow wielding, warmup strikes, warmup strides
a: Renounce Religion, Draw Escape, Draw Destruction, Draw Summoning


You were on level 6 of the Dungeon.
You worshipped Nemelex Xobeh.
Nemelex Xobeh was noncommittal.
You visited 2 branches of the dungeon, and saw 7 of its levels.
You also visited: Sewer.

You collected 302 gold pieces.

Inventory:

Hand Weapons
 a - a +2 dagger (weapon) {Soledad}
 h - a +1 sling of freezing
 i - a +4 short sword (worn) {Kagemori}
Missiles
 d - 15 poisoned darts (quivered)
 e - 3 curare-tipped darts
 r - a throwing net
 G - 2 javelins
Armour
 c - a +0 cloak (worn)
 n - a +0 scale mail (worn)
 u - a +0 pair of boots (worn)
 F - a +0 pair of gloves (worn)
Jewellery
 m - an amulet of guardian spirit (around neck)
 o - a ring of positive energy (right grasper)
 A - a ring of poison resistance (left grasper)
 B - a +6 ring of intelligence
Scrolls
 f - 2 scrolls of teleportation {!r}
 g - a scroll of fog
 k - a scroll of enchant weapon
 p - 3 scrolls of poison
 q - 2 scrolls of identify
 s - a scroll of acquirement {unknown}
 t - 2 scrolls of amnesia {unknown}
 w - 2 scrolls of enchant armour {unknown}
 x - a scroll of vulnerability {unknown}
 y - a scroll of revelation {unknown}
 C - a scroll of immolation {unknown}
 D - a scroll of silence {unknown}
Potions
 b - 2 potions of enlightenment
 j - 3 potions of curing
 l - 2 potions of attraction
 v - a potion of ambrosia {unknown}
 z - a potion of lignification {unknown}
 E - a potion of mutation {!q}


   Skills:
 + Level 4.9 Fighting
 + Level 4.5 Short Blades
 + Level 4.5 Throwing
 + Level 1.5 Armour
 + Level 4.2 Dodging
 - Level 5.0 Stealth


You had 7 spell levels left.
You didn't know any spells.
Your spell library contained the following spells:

 Spells                   Type           Power      Damage    Failure   Level
 Kiss of Death            Conj/Necr      0%         2d5       87%         1
 Confusing Touch          Hex            0%         N/A       99%         3
 Dispel Undead            Necr           0%         3d6       100%        4
 Chain Lightning          Conj/Air       0%         N/A       100%        9
 Fire Storm               Conj/Fire      0%         5d1       100%        9
 Shatter                  Erth           0%         3d5*      100%        9


Dungeon Overview and Level Annotations

Branches:
Dungeon (6/15)             Temple (1/1) D:6           Sewer (visited)

Altars:
Ashenzari
Cheibriados
Fedhas
Gozag
Kikubaaqudgha
Makhleb
Nemelex Xobeh
Qazlal
Ru
Sif Muna
Trog
Vehumet
Xom
Yredelemnul
Zin
The Shining One

Annotations:
D:2 Sigmund
D:5 4 runed translucent doors, Crazy Yiuf; Goblin1989's ghost, novice CoGl


Innate Abilities, Weirdness & Mutations

You can wield a second weapon in your off-hand.
It takes a long time for you to wield or remove held weapons.
Your first few attacks do less damage.
Your first movements take longer.


Message History

You feel sick.
You closely miss something with your +2 dagger.
You miss something with your +4 short sword.
You feel sick. Something hits you but does no damage.
You hit something with your +4 short sword.
You closely miss something with your +2 dagger.
You feel sick.
You hear some strange, mumbled words.
A puff of flame appears from out of thin air!
The puff of flame hits you!
* * * LOW HITPOINT WARNING * * *
You hit something with your +4 short sword.
You miss something with your +2 dagger.
You feel sick. Something hits you.
* * * LOW HITPOINT WARNING * * *
You hit something with your +4 short sword.
Reactivating autopickup.
You feel a bit more experienced.
You feel sick.
You puncture the orc with your +4 short sword!
You kill the orc!
You feel sick.
You feel sick.
The orc warrior hits you with a +0 war axe!
* * * LOW HITPOINT WARNING * * *
The orc warrior hits you with a +0 war axe!
* * * LOW HITPOINT WARNING * * *
Items here: )) [[ †.
You hit the orc warrior with your +4 short sword.
The orc warrior is lightly wounded.
You barely miss the orc warrior with your +2 dagger.
You feel sick.
The orc warrior hits you with a +0 war axe!
* * * LOW HITPOINT WARNING * * *
You closely miss the orc warrior with your +2 dagger.
The orc warrior is lightly wounded.
You completely miss the orc warrior with your +4 short sword.
* * * LOW HITPOINT WARNING * * *
You feel sick.
The orc warrior hits you with a +0 war axe!
You die...
Your body disappears without a glow.

.#
######.
###.....
#......
..... o..
#'#
#.#######
#.o@....#
#######.#


You could see an orc warrior.

Vanquished Creatures
  2 water moccasins
  An ice beast (D:5)
  A black bear (D:5)
  3 ogres
  A phantom (D:5)
  A scorpion (D:5)
  An orc priest (D:4)
  A bombardier beetle (D:4)
  A hound (D:4)
  2 iguanas
  Terence (D:2)
  An orc wizard (D:6)
  Robin (D:2)
  12 adders
  6 gnolls
  3 river rats (Sewer)
  5 ribbon worms
  4 dart slugs
  11 orcs
  5 endoplasms
  12 giant cockroaches
  13 goblins
  10 hobgoblins
  2 jackals (Sewer)
  5 quokkas
  9 ball pythons
  8 bats
  6 frilled lizards
  8 kobolds
  12 rats
148 creatures vanquished.

Notes
Turn   | Place    | Note
-------+----------+-------------------------------------------
     0 | D:1      | seren the Coglin Brigand began the quest for the Orb.
     0 | D:1      | Reached XP level 1. HP: 16/16 MP: 1/1
   101 | D:1      | Reached skill level 1 in Dodging
   193 | D:1      | Reached XP level 2. HP: 15/22 MP: 2/2
   295 | D:1      | Reached XP level 3. HP: 21/27 MP: 3/3
   786 | D:2      | Noticed Robin
   932 | D:2      | Reached XP level 4. HP: 34/34 MP: 4/4
   997 | D:2      | Noticed Terence
  1012 | D:2      | Killed Terence
  1129 | D:2      | Reached XP level 5. HP: 40/40 MP: 5/5
  1148 | D:2      | Noticed Sigmund
  1240 | D:2      | Killed Robin
  1857 | D:3      | Reached skill level 4 in Stealth
  2136 | D:3      | Reached XP level 6. HP: 47/47 MP: 6/6
  2475 | D:4      | Found a glowing golden altar of the Shining One.
  2838 | D:4      | Reached XP level 7. HP: 45/52 MP: 7/7
  3160 | D:5      | Entered Level 5 of the Dungeon
  3193 | D:5      | Found a runed translucent gate.
  3194 | D:5      | Found a runed translucent gate.
  3195 | D:5      | Found a runed translucent gate.
  3195 | D:5      | Noticed Goblin1989's ghost (novice CoGl)
  3466 | D:5      | Found a glowing drain.
  3496 | Sewer    | Entered a sewer
  3506 | Sewer    | Reached XP level 8. HP: 53/60 MP: 6/8
  4133 | D:5      | Reached skill level 5 in Stealth
  4645 | D:5      | Found a runed translucent door.
  4646 | D:5      | Noticed Crazy Yiuf
  4825 | D:6      | Found a staircase to the Ecumenical Temple.
  4842 | Temple   | Entered the Ecumenical Temple
  4848 | Temple   | Became a worshipper of Nemelex Xobeh the Trickster
  4873 | D:6      | Reached skill level 1 in Armour
  5011 | D:6      | HP: 2/61 [orc warrior/+0 war axe (9)]
  5012 | D:6      | Mangled by an orc warrior

Illustrated notes

Levels and vault maps discovered:
D:1:      eino_arrival_tree_alley, layout_loops_cross, palyth_stone_intersect,
          minmay_indecisive_spiral
D:2:      layout_rooms, grunt_ministairs_14, small_statue_intersection,
          uniq_terence, uniq_robin, uniq_sigmund
D:3:      layout_loops_corners
D:4:      layout_rooms, kennysheep_little_box
D:5:      layout_basic, gammafunk_ghost_split, gup_sewer_entry_bubbles,
          uniq_crazy_yiuf_cottage
D:6:      cheibrodos_quashed, layout_basic, minmay_temple_entry_mini_moons,
          serial_aquarium, aquarium_bridge_square [aquarium_subvault_balcony,
          aquarium_subvault_bridge, aquarium_subvault_balcony,
          aquarium_subvault_bridge], aquarium_window_fake, aquarium_window_fake,
          aquarium_view_2e, aquarium_view_2d, uniq_edmund, uniq_grinder
Temple:   hellmonk_temple_two_chambers

Skill      XL: |  1  2  3  4  5  6  7  8 |
---------------+-------------------------+-----
Dodging        | 1 2 3 4 |  4.2
Throwing       | 2 3 4 |  4.5
Short Blades   | 2 3 4 |  4.5
Fighting       | 3 4 |  4.9
Stealth        | 4 5 |  5.0
Armour         | 1 |  1.5

Action                     |  1- 3 |  4- 6 |  7- 9 || total
---------------------------+-------+-------+-------++-------
  Melee: Dagger            |    63 |   104 |   205 ||   372
         Short sword       |    34 |   107 |   216 ||   357
    Use: Scroll            |       |     3 |     4 ||     7
   Stab: Sleeping          |     6 |     7 |     4 ||    17
         Distracted        |       |     1 |     1 ||     2
 Armour: Robe              |    39 |     7 |       ||    46
         Scale mail        |       |    48 |   136 ||   184
  Dodge: Dodged            |    38 |    38 |   101 ||   177

Table legend: (Time is in decaauts)
 A = Elapsed time spent in this place.
 B = Non-inter-level travel time spent in this place.
 C = Inter-level travel time spent in this place.
 D = Time resting spent in this place.
 E = Time spent auto-exploring this place.
 F = Levels seen in this place.
 G = Mean time per level.
                   A        B        C        D        E       F      G
               +--------+--------+--------+--------+--------+-----+--------+
         Total |   5348 |   5188 |    160 |    574 |   2920 |   8 |  668.5 |
       Dungeon |   4548 |   4393 |    155 |    574 |   2469 |   6 |  758.0 |
        Temple |     13 |      8 |      5 |      0 |      0 |   1 |   13.0 |
         Sewer |    786 |    786 |      0 |      0 |    451 |   1 |  786.0 |
               +--------+--------+--------+--------+--------+-----+--------+

Top non-repeatable levels by time:
     D:5: 994 daAuts
     D:4: 938 daAuts
     D:1: 899 daAuts
     D:3: 880 daAuts
   Sewer: 786 daAuts
     D:2: 662 daAuts
     D:6: 173 daAuts
  Temple: 13 daAuts
